 Dungeon Crawl Stone Soup version 0.26.0-16-gc1dbca0489 (webtiles) character file.

Game seed: 6730371919024387488

244 kaeus the Sneak (level 6, -3/36 HPs)
             Began as an Octopode Fire Elementalist on Jan 21, 2021.
             Slain by an ufetubus (4 damage)
             ... on level 5 of the Dungeon.
             The game lasted 00:07:30 (4943 turns).

kaeus the Sneak (Octopode Fire Elementalist)        Turns: 4943, Time: 00:07:31

Health: -3/36      AC:  1    Str:  7    XL:     6   Next: 10%
Magic:  10/10      EV: 14    Int: 20    God:
Gold:   223        SH:  0    Dex: 12    Spells: 6/11 levels left

rFire    x . .     SeeInvis .   g - +3 dagger (elec)
rCold    + . .     Faith    .   (no shield)
rNeg     . . .     Spirit   .   (helmet restricted)
rPois    .         Reflect  .   (no amulet)
rElec    .         Harm     .   f - ring of ice
rCorr    +         Rampage  .   m - ring of resist corrosion
Will     .....                  (no ring)
Stlth    ++++......             (no ring)
HPRegen  0.12/turn              (no ring)
MPRegen  0.12/turn              (no ring)
                                (no ring)
                                (no ring)

@: no status effects
A: almost no armour, stealthy swim, amphibious, 8 rings, constrict 8, camouflage
1, gelatinous body 1
a: no special abilities


You were on level 5 of the Dungeon.
You visited 1 branch of the dungeon, and saw 5 of its levels.

You collected 223 gold pieces.

Inventory:

Hand Weapons
 g - a +3 dagger of electrocution (weapon)
 p - the +0 flail of Patience {holy, +Fly rN+ Will+ Int-5}
   (You found it on level 5 of the Dungeon)

   It has been blessed by the Shining One to cause great damage to the undead
   and demons.
   It affects your intelligence (-5).
   It protects you from negative energy.
   It affects your willpower, your defense against some magical effects.
   It lets you fly.
Jewellery
 f - a ring of ice (left tentacle)
 m - a ring of resist corrosion (right tentacle)
Wands
 k - a wand of paralysis (13)
Scrolls
 a - 4 scrolls of identify {unknown}
 b - 5 scrolls of remove curse
 e - 4 scrolls of teleportation {unknown}
 i - a scroll of magic mapping {unknown}
 j - 3 scrolls of enchant weapon {unknown}
 n - a scroll of enchant armour {unknown}
 o - a scroll of immolation {unknown}
Potions
 c - 4 potions of degeneration {unknown}
 d - 2 potions of haste {unknown}
 h - a potion of heal wounds {unknown}
 l - a potion of might {unknown}
 q - a potion of ambrosia {unknown}


   Skills:
 + Level 3.2 Dodging
 + Level 4.5 Stealth
 + Level 3.1 Spellcasting
 + Level 2.6 Conjurations
 + Level 3.9 Fire Magic


You had 6 spell levels left.
You knew the following spells:

 Your Spells              Type           Power        Failure   Level
a - Foxfire               Conj/Fire      64%          3%          1
b - Sticky Flame          Conj/Fire      16%          36%         4

Your spell library contained the following spells:

 Spells                   Type           Power        Failure   Level
 Magic Dart               Conj           52%          4%          1
 Conjure Flame            Conj/Fire      16%          11%         3
 Beastly Appendage        Tmut           6%           14%         1
 Inner Flame              Hex/Fire       10%          19%         3
 Blink                    Tloc           N/A          22%         2
 Call Imp                 Summ           3%           22%         2
 Slow                     Hex            3%           22%         2
 Wereblood                Tmut           3%           22%         2
 Mephitic Cloud           Conj/Pois/Air  6%           30%         3
 Spider Form              Tmut/Pois      1%           38%         3
 Fireball                 Conj/Fire      8%           71%         5
 Ice Form                 Ice/Tmut       4%           80%         4
 Blade Hands              Tmut           1%           98%         5


Dungeon Overview and Level Annotations

Branches:
Dungeon (5/15)
 Temple: D:4-7

Altars:
Fedhas
Kikubaaqudgha
Vehumet
Yredelemnul

Shops:
D:4 [

Annotations:
D:5 1 transporter, xSliceyx's ghost, novice DEAE


Innate Abilities, Weirdness & Mutations

You cannot wear most types of armour.
You are very stealthy in the water. (Stealth+)
You are amphibious.
You can wear up to eight rings at the same time.
You can use your tentacles to constrict eight enemies at once.
Your skin changes colour to match your surroundings (Stealth+).
Your rubbery body absorbs attacks. (AC +1, EV +1)


Message History

You take 5 damage, and have 8/36 hp.
The howler monkey hits you.
* * * LOW HITPOINT WARNING * * *
The killer bee zombie closely misses you.
The bullfrog skeleton misses you.
You take 2 damage, and have 6/36 hp.
The bullfrog skeleton completely misses you.
An ufetubus comes into view.
The bullfrog skeleton hits you.
* * * LOW HITPOINT WARNING * * *
You take 2 damage, and have 4/36 hp.
The ufetubus hits you.
* * * LOW HITPOINT WARNING * * *
The ufetubus closely misses you.
The howler monkey hoots and howls with incredible vigour!
You hear a shout! x2
You take 4 damage, and have 1/36 hp.
There is a stone staircase leading up here.
The ufetubus hits you.
You die...

.... #....# ..... #....#
..... #....##### #..#
#+# ....##..###..##..##
#..##............#
##..##Z...........#
#.....h.5@........#
+....Z............#
##..##..##...##..#
#####+###..######...##
........#...# #.....#
........'...##.......#
.##.?..#...©...#........
#....#.####......(###..+
#.....#.##W###...###$#
..


You could see a howler monkey, an ufetubus, a killer bee zombie and a bullfrog
skeleton.

Vanquished Creatures
  A howler monkey (D:4)
  2 orc wizards (D:4)
  6 adders
  An ooze (D:1)
  3 worms
  2 dart slugs
  2 leopard geckos
  6 orcs
  2 ball pythons
  8 bats
  2 giant cockroaches
  8 hobgoblins
  2 jackals (D:1)
  5 frilled lizards
  10 goblins
  6 kobolds
  11 rats
77 creatures vanquished.

Vanquished Creatures (collateral kills)
  A foxfire (D:3)
1 creature vanquished.

Vanquished Creatures (others)
  266 foxfires
  4 fungi (D:3)
  3 plants (D:3)
273 creatures vanquished.

Grand Total: 351 creatures vanquished

Notes
Turn   | Place    | Note
-------+----------+-------------------------------------------
     0 | D:1      | kaeus the Octopode Fire Elementalist began the quest for
                  | the Orb.
     0 | D:1      | Reached XP level 1. HP: 11/11 MP: 3/3
    77 | D:1      | Reached XP level 2. HP: 9/17 MP: 3/5
    88 | D:1      | Reached skill level 3 in Stealth
   616 | D:1      | Reached XP level 3. HP: 21/21 MP: 3/6
  1984 | D:2      | Reached XP level 4. HP: 27/27 MP: 1/7
  2970 | D:3      | Learned a level 4 spell: Sticky Flame
  3267 | D:3      | Found a radiant altar of Vehumet.
  3269 | D:3      | Found an ancient bone altar of Kikubaaqudgha.
  3291 | D:3      | Found a basalt altar of Yredelemnul.
  3333 | D:3      | Found a blossoming altar of Fedhas.
  3398 | D:3      | Reached skill level 4 in Stealth
  3398 | D:3      | Reached XP level 5. HP: 31/31 MP: 4/9
  3897 | D:4      | HP: 1/31 [orc wizard/magic dart (8)]
  3898 | D:5      | Entered Level 5 of the Dungeon
  4205 | D:5      | Got a steaming flail
  4206 | D:5      | Identified the cursed +0 flail of Patience {holy, +Fly rN+
                  | Will+ Int-5} (You found it on level 5 of the Dungeon)
  4606 | D:4      | Found Soaczug's Antique Armour Emporium.
  4750 | D:4      | Reached XP level 6. HP: 36/36 MP: 7/10
  4901 | D:5      | Found a transporter.
  4927 | D:5      | Noticed xSliceyx's ghost (novice DEAE)
  4941 | D:5      | HP: 1/36 [ufetubus (4)]
  4943 | D:5      | Slain by an ufetubus

Illustrated notes

Levels and vault maps discovered:
D:1:      lemuel_arrival_rhombus, layout_basic, chequers_serial_rivers_small_b,
          kennysheep_pointless_box
D:2:      layout_loops_ring
D:3:      layout_basic, lemuel_crystal_altar, fedhas_altar_3,
          chequers_temple_overflow_statue_of_worship, hangedman_glass_teeth
D:4:      layout_loops_cross, serial_shops, shop
D:5:      layout_gridville, gammafunk_ghost_abyssal_escape, lemuel_tele_altar

Skill      XL: |  1  2  3  4  5 |
---------------+----------------+-----
Stealth        | 3 4 |  4.5
Conjurations   | 2 |  2.6
Dodging        | 3 |  3.2
Spellcasting   | 3 |  3.1
Fire Magic     | |  3.9

Action                   |  1- 3 |  4- 6 || total
-------------------------+-------+-------++-------
Melee: Unarmed           |    52 |       ||    52
       Tentacles         |     7 |     5 ||    12
       Constrict         |     7 |    11 ||    18
       Dagger            |     3 |    31 ||    34
 Cast: Foxfire           |    98 |   114 ||   212
  Use: Scroll            |       |     1 ||     1
Armor: Skin              |     3 |     6 ||     9
Dodge: Dodged            |    36 |    27 ||    63
